 Dungeon Crawl Stone Soup version 0.32-a0-519-g08f29ac1c3 (webtiles) character file.

Game seed: 5167469490537325731

7 STP the Grasshopper (level 2, -2/22 HPs)
             Began as a Coglin Warper on Feb 27, 2024.
             Slain by a goblin
             ... wielding a +0 club
              (3 damage)
             ... on level 1 of the Dungeon.
             The game lasted 00:00:46 (30 turns).

STP the Grasshopper (Coglin Warper)                   Turns: 30, Time: 00:00:46

Health: -2/22      AC:  3    Str: 11    XL:     2   Next: 0%
Magic:  4/4        EV: 11    Int: 12    God:
Gold:   0          SH:  0    Dex: 13    Spells: 4/4 levels left

rFire   . . .        a - +0 falchion {Santos}
rCold   . . .        (no shield)
rNeg    . . .        b - +0 leather armour
rPois   .            (no helmet)
rElec   .            (no cloak)
rCorr   .            (no gloves)
SInv    .            (no boots)
Will    .....        (no amulet)
Stlth   +            (ring unavailable)
HPRegen 0.23/turn    (ring unavailable)
MPRegen 0.09/turn

%: no passive effects
@: revved
A: off-hand wielding, slow wielding, warmup strikes, no rings
a: no special abilities


You were on level 1 of the Dungeon.
You visited 1 branch of the dungeon, and saw 1 of its levels.

Inventory:

Hand Weapons
 a - a +0 falchion (weapon) {Santos}
Missiles
 d - 7 darts of dispersal (quivered)
Armour
 b - a +0 leather armour (worn)
Scrolls
 c - a scroll of blinking {@r4}


   Skills:
 + Level 2.1 Fighting
 * Level 2.2 Long Blades
 - Level 0.8 Throwing
 + Level 1.1 Armour
 + Level 1.9 Dodging
 - Level 1.7 Spellcasting
 - Level 3.0 Translocations


You had 4 spell levels left.
You didn't know any spells.
Your spell library contained the following spells:

 Spells                   Type           Power      Damage    Failure   Level
 Blink                    Tloc           16%        N/A       16%         2
 Lesser Beckoning         Tloc           16%        N/A       16%         2
 Teleport Other           Tloc           8%         N/A       32%         3
 Manifold Assault         Tloc           8%         N/A       71%         4
 Vhi's Electric Charge    Tloc/Air       8%         N/A       89%         4


Dungeon Overview and Level Annotations

Branches:
Dungeon (1/15)

Altars:


Innate Abilities, Weirdness & Mutations

You can wield a second weapon in your off-hand.
It takes a long time for you to wield or remove held weapons.
Your first few attacks do less damage.
Your grasper-arms cannot wear rings.


Message History

You hit the endoplasm.
You kill the endoplasm!
A hobgoblin comes into view.
The goblin misses you. The dart slug launches a dart at you.
The slug dart hits you.
* * * LOW HITPOINT WARNING * * *
The goblin barely misses you.
The hobgoblin moves out of view.
Your Armour skill increases to level 1!
Unknown command.
You slash the goblin!
You kill the goblin!
The hobgoblin shouts!
You hear a shout!
A goblin comes into view. It is wielding a +0 club.
Things that are here:
a +1 dagger of freezing; 5 stones; a kobold corpse You hit the dart slug.
The dart slug is severely wounded.
The dart slug bites you.
* * * LOW HITPOINT WARNING * * *
You hit the dart slug.
You kill the dart slug!
You have reached level 2!
A hobgoblin comes into view.
The hobgoblin shouts!
You hit the hobgoblin but do no damage.
The hobgoblin hits you but does no damage.
You hit the hobgoblin.
The hobgoblin is heavily wounded.
The hobgoblin misses you. The goblin closely misses you.
The hobgoblin hits you.
* * * LOW HITPOINT WARNING * * *
The goblin hits you with a +0 club.
* * * LOW HITPOINT WARNING * * *
Unknown command.
You hit the hobgoblin.
The hobgoblin is severely wounded.
The hobgoblin hits you but does no damage.
The goblin hits you with a +0 club.
You die...

#.#. #+#.... ...#.#
..... ...#.#.
.#############..#.>..
.............gg.g#
#............@†.#
.#####.#####...#
#...#.#...#...#
#.<.#.'...#...# .
#...#.#...#.....
....##'##.#####.#....
#..............######
#..#####.##+##.# #.
#.#


You could see 2 hobgoblins and a goblin.

Vanquished Creatures
  A dart slug (D:1)
  An endoplasm (D:1)
  A goblin (D:1)
  A kobold (D:1)
4 creatures vanquished.

Notes
Turn   | Place    | Note
-------+----------+-------------------------------------------
     0 | D:1      | STP the Coglin Warper began the quest for the Orb.
     0 | D:1      | Reached XP level 1. HP: 16/16 MP: 3/3
    23 | D:1      | Reached skill level 1 in Armour
    27 | D:1      | Reached XP level 2. HP: 4/22 MP: 4/4
    29 | D:1      | HP: 1/22 [goblin/+0 club (3)]
    30 | D:1      | Slain by a goblin

Illustrated notes

Levels and vault maps discovered:
D:1:      minmay_arrival_four_houses, layout_basic, hangedman_decor_slide_cut,
          st_stairs_9, minmay_pentomino_u2

Skill      XL: |  1 |
---------------+----+-----
Armour         | 1 |  1.1
Fighting       | |  2.1
Long Blades    | |  2.2
Throwing       | |  0.8
Dodging        | |  1.9
Spellcasting   | |  1.7
Translocations | |  3.0

Action                     || total
---------------------------++-------
  Melee: Falchion          ||    11
 Armour: Leather armour    ||    11
  Dodge: Dodged            ||     4

Table legend: (Time is in decaauts)
 A = Elapsed time spent in this place.
 B = Non-inter-level travel time spent in this place.
 C = Inter-level travel time spent in this place.
 D = Time resting spent in this place.
 E = Time spent auto-exploring this place.
 F = Levels seen in this place.
 G = Mean time per level.
                   A        B        C        D        E       F      G
               +--------+--------+--------+--------+--------+-----+--------+
         Total |     32 |     32 |      0 |      0 |     14 |   1 |   32.0 |
       Dungeon |     32 |     32 |      0 |      0 |     14 |   1 |   32.0 |
               +--------+--------+--------+--------+--------+-----+--------+

Top non-repeatable levels by time:
     D:1: 32 daAuts
